AoeStats
← Mulçumano

Arena

509999421Analyzed
1v1 RM · 3d ago on Sep 29, 2026· 39m 21s· 2 players
Game mode
Random Map
Map size
Tiny (2 player)
Population
200
Speed
Normal
Resources
Standard
Victory
Conquest
Starting age
Dark Age
Ending age
Imperial Age
RankedLock teamsTeams togetherTeam positionsShared explorationLock speedFull tech treeHidden civsTurbo modeCheats
Victory
Defeat
🇬🇷 Teutons · Greece
937
+15
🇧🇷 Franks · Brazil
906
-15
Mulçumano
5:40 Loom
7:18 Loom
10:26 Feudal Age
10:59 Double-Bit Axe
19:31 Castle Age
19:21 Man-at-Arms
20:23 Bow Saw
21:09 Long Swordsman
22:03 Squires
21:49 Arson
22:08 Scale Mail Armor
22:18 Forging
24:46 Gambesons
25:25 Chain Mail Armor
27:31 Wheelbarrow
31:57 Imperial Age
32:03 Two-Handed Swordsman
34:30 Plate Mail Armor
34:36 Iron Casting
35:46 Champion
40:28 Blast Furnace
parosseh
2:32 Loom
12:36 Feudal Age
13:59 Horse Collar
18:06 Castle Age
19:21 Double-Bit Axe
19:38 Heavy Plow
21:37 Wheelbarrow
20:44 Pikeman
21:53 Bow Saw
25:36 Hand Cart
25:09 Town Watch
29:27 Imperial Age
28:52 Hand Cart
29:23 Squires
29:30 Halberdier
30:12 Scale Mail Armor
30:23 Forging
30:57 Man-at-Arms
31:57 Chain Mail Armor
31:40 Long Swordsman
32:09 Gambesons
32:11 Arson
33:11 Iron Casting
33:09 Plate Mail Armor
33:16 Iron Casting
32:37 Two-Handed Swordsman
33:47 Champion
36:18 Blast Furnace
35:28 Gold Mining
37:02 Conscription
37:22 Fletching
38:22 Town Patrol
39:38 Chemistry
Connection lost

Rejoining the realm…

Still unreachable

The connection could not be restored.

Session expired

The server has moved on; the page needs a fresh start.